 Dungeon Crawl Stone Soup version 0.29-a0-925-g0a7a3d12f8 (webtiles) character file.

Game seed: 6404211027708835015

39 nickcage the Chopper (level 3, -1/31 HPs)
             Began as a Minotaur Abyssal Knight on July 28, 2022.
             Was a Believer of Lugonu.
             Slain by Terence
             ... wielding a +0 flail
              (8 damage)
             ... on level 2 of the Dungeon.
             The game lasted 00:03:22 (993 turns).

nickcage the Chopper (Minotaur Abyssal Knight)       Turns: 993, Time: 00:03:23

Health: -1/31      AC:  8    Str: 19    XL:     3   Next: 26%
Magic:  3/3        EV:  7    Int:  7    God:    Lugonu [**....]
Gold:   48         SH:  5    Dex: 10    Spells: 2/2 levels left

rFire   . . .      SeeInvis .   a - +1 hand axe
rCold   . . .      Faith    .   (no shield)
rNeg    . . .      Spirit   .   g - +0 chain mail
rPois   .          Reflect  +   (helmet restricted)
rElec   .          Harm     .   (no cloak)
rCorr   .          Rampage  .   (no gloves)
Will    .....                   (no boots)
Stlth   ..........              h - amulet of reflection
HPRegen 0.10/turn               (no ring)
MPRegen 0.08/turn               (no ring)

@: no status effects
A: horns 2, retaliatory headbutt
a: Renounce Religion, Depart the Abyss, Bend Space


You were on level 2 of the Dungeon.
You worshipped Lugonu.
Lugonu was pleased with you.
You visited 1 branch of the dungeon, and saw 2 of its levels.
You visited the Abyss 1 time.

You collected 48 gold pieces.

Inventory:

Hand Weapons
 a - a +1 hand axe (weapon)
Armour
 b - a +0 leather armour
 g - a +0 chain mail (worn)
Jewellery
 h - an amulet of reflection (around neck)
Scrolls
 c - a scroll of poison {unknown}
 f - 3 scrolls of magic mapping {unknown}
 i - a scroll of blinking {unknown}
Potions
 d - 2 potions of curing
 e - a potion of berserk rage {unknown}
 j - a potion of mutation {unknown}


   Skills:
 - Level 3.6 Fighting
 + Level 4.5 Axes
 - Level 2.4 Armour
 - Level 1.1 Dodging
 + Level 0.2 Shields
 - Level 1.7 Invocations


You had 2 spell levels left.
You didn't know any spells.
Your spell library was empty.

Dungeon Overview and Level Annotations

Branches:
Dungeon (2/15)

Altars:

Shops:
D:1 :

Annotations:
D:2 Terence


Innate Abilities, Weirdness & Mutations

You have a pair of horns on your head.
You reflexively headbutt those who attack you in melee.


Message History

You hit Terence but do no damage. You headbutt Terence.
Terence is lightly wounded.
Terence hits you with a +0 flail!
You are too injured to fight recklessly!
You are too injured to fight recklessly!
You barely miss Terence.
Terence is lightly wounded.
Terence hits you with a +0 flail!
* * * LOW HITPOINT WARNING * * *
Terence hits you but does no damage.
You hit Terence. You headbutt Terence, but do no damage.
Terence is moderately wounded.
Terence hits you but does no damage.
It was a potion of curing.
You feel better. You block Terence's attack.
You hit Terence. Your headbutt misses Terence.
Terence is moderately wounded.
You block Terence's attack.
You hit Terence.
Terence is moderately wounded.
Terence hits you with a +0 flail.
You closely miss Terence. You headbutt Terence, but do no damage.
Terence is moderately wounded.
Terence hits you but does no damage.
You hit Terence.
Terence is heavily wounded.
Terence hits you but does no damage.
You hit Terence.
Terence is heavily wounded.
Terence barely misses you. You furiously retaliate!
You headbutt Terence. You hit Terence but do no damage.
Terence is severely wounded.
You block Terence's attack.
You hit Terence but do no damage. Your headbutt misses Terence.
Terence is severely wounded.
Terence hits you with a +0 flail.
* * * LOW HITPOINT WARNING * * *
You hit Terence but do no damage. You headbutt Terence, but do no damage.
Terence is heavily wounded.
Terence hits you with a +0 flail!
You die...

. ... #.#.#
#.#.# ###.#.##
.......#
#......#####.#
#. #).......#
#. #..@@..#
#.###.####.#
#.....#
#...### #...#
#####.##
#...#.# ###
#...# ....
##..#######


You could see Terence.

Vanquished Creatures
  Jessica (D:2)
  A worm (D:2)
  2 bats
  An endoplasm (D:1)
  A giant cockroach (D:1)
  A goblin (D:1)
  A kobold (D:1)
  A quokka (D:1)
  A frilled lizard (D:1)
10 creatures vanquished.

Notes
Turn   | Place    | Note
-------+----------+-------------------------------------------
     0 | Abyss:1  | nickcage the Minotaur Abyssal Knight began the quest for
                  | the Orb.
     0 | Abyss:1  | Reached XP level 1. HP: 19/19 MP: 1/1
     1 | D:1      | Escaped the Abyss
   271 | D:1      | Found Hotod's Vocational Training.
   455 | D:1      | Reached skill level 3 in Axes
   574 | D:1      | Reached XP level 2. HP: 21/26 MP: 2/2
   915 | D:2      | Noticed Jessica
   922 | D:2      | Killed Jessica
   923 | D:2      | Reached skill level 4 in Axes
   923 | D:2      | Reached XP level 3. HP: 27/31 MP: 3/3
   976 | D:2      | Noticed Terence
   993 | D:2      | Slain by Terence

Illustrated notes

Levels and vault maps discovered:
D:1:      sevenhm_arrival_forest_fort_small_3, layout_basic,
          nicolae_shop_vocational
D:2:      layout_loops_ring, ebering_ecumenical_altar_sacrificial, uniq_jessica,
          uniq_terence, uniq_sigmund

Skill      XL: |  1  2 |
---------------+-------+-----
Axes           | 3 4 |  4.5
Fighting       | |  3.6
Armour         | |  2.4
Dodging        | |  1.1
Shields        | |  0.2
Invocations    | |  1.7

Action                   || total
-------------------------++-------
Melee: Hand axe          ||    44
       Headbutt          ||     8
  Use: Potion            ||     1
Armor: Chain mail        ||    20
Dodge: Dodged            ||    13
Block: Other             ||     4

Table legend: (Time is in decaauts)
 A = Elapsed time spent in this place.
 B = Non-inter-level travel time spent in this place.
 C = Inter-level travel time spent in this place.
 D = Time resting spent in this place.
 E = Time spent auto-exploring this place.
 F = Levels seen in this place.
 G = Mean time per level.
                   A        B        C        D        E       F      G
               +--------+--------+--------+--------+--------+-----+--------+
         Total |   1002 |    958 |     44 |      0 |    823 |   3 |  334.0 |
       Dungeon |   1001 |    957 |     44 |      0 |    823 |   2 |  500.5 |
         Abyss |      1 |      1 |      0 |      0 |      0 |   1 |    1.0 |
               +--------+--------+--------+--------+--------+-----+--------+

Top non-repeatable levels by time:
     D:1: 775 daAuts
     D:2: 226 daAuts
 Abyss:1: 1 daAuts
